Map: Orbital Shipyard

Players

炸弹人头号粉丝 - Winner!

  • Race: Terran Terran

Bop

  • Race: Terran Terran

VOD

Have the link to the VOD?

Description

Time

  • Played on: May 7, 2015, 5:27 a.m.
  • Length: 4:57
Show
View Real Time Build Order
Export as new Build Order

炸弹人头号粉丝 Terran - Winner!

Build Orders:  

Get SALT Encoding   

  12  0:01  SCV  
  13  0:13  Supply Depot  
  13  0:18  SCV  
  14  0:24  Refinery  
  14  0:30  SCV  
  15  0:45  Barracks  
  16  0:50  SCV  
  16  1:02  SCV  
  17  1:14  SCV  
  18  1:27  Refinery  
  18  1:31  Orbital Command  
  18  1:32  Reaper  
  19  1:44  Factory  
  19  1:56  Supply Depot  
  19  1:57  SCV  
  20  2:04  Reaper  
  21  2:09  SCV  
  22  2:19  Supply Depot  
  22  2:21  SCV  
  22  2:33  SCV  
  22  2:35  Widow Mine  
  22  2:36  Reaper  
  26  2:45  SCV  
  25  2:57  SCV  
  25  3:03  Widow Mine  
  26  3:08  Marine  
  26  3:09  SCV  
  26  3:22  SCV  
  27  3:28  Marine  
  29  3:36  SCV  
  30  3:43  Supply Depot  
  30  3:53  Starport  
  30  3:55  SCV  
  29  4:07  SCV  
  25  4:26  SCV  
  25  4:30  Starport Tech Lab  
  21  4:38  SCV  
Show
View Real Time Build Order
Export as new Build Order

Bop Terran 

Build Orders:  

Get SALT Encoding   

  12  0:00  SCV  
  13  0:13  SCV  
  14  0:18  Supply Depot  
  14  0:25  SCV  
  15  0:41  Refinery  
  15  0:43  Barracks  
  15  0:47  SCV  
  16  0:59  SCV  
  17  1:09  Supply Depot  
  17  1:14  SCV  
  18  1:31  Barracks Tech Lab, Orbital Command  
  18  1:50  Concussive Shells, Marauder  
  20  1:56  SCV  
  21  2:09  Command Center, SCV  
  22  2:17  Marauder  
  24  2:39  Marauder  
  24  2:50  SCV  
  19  3:00  Marauder  
  19  3:04  SCV  
  17  3:21  Marauder  
  17  3:22  SCV  
  10  3:42  Orbital Command  
  9  4:16  SCV  
  8  4:37  SCV  
Tags
 
Add a new tag
Caveats
  • Supply blocks, unpowered buildings, or Contaminate may cause inaccurate times.
  • Supply counts are checked every 10 seconds.